Map: Acid Plant LE

Players

Samur

  • Race: Protoss Protoss
  • League: Diamond
  • Spawn Location: 11:00

kemachi - Winner!

  • Race: Zerg Zerg
  • League: Diamond
  • Spawn Location: 5:00

VOD

Have the link to the VOD?

Description

Time

  • Played on: Sept. 23, 2018, 5:05 p.m.
  • Length: 18:53
Show
View Real Time Build Order
Export as new Build Order

Samur Protoss 

Build Orders: Cannon Rush 

Get SALT Encoding   

  12  0:00  Probe  
  13  0:15  Pylon  
  13  0:16  Probe  
  14  0:24  Probe  
  15  0:36  Forge  
  15  0:39  Probe  
  16  0:51  Probe  
  16  0:55  Pylon  
  17  0:59  Probe  
  18  1:13  Photon Cannon  
  18  1:19  Photon Cannon  
  18  1:29  Photon Cannon  
  18  1:33  Probe  
  18  1:37  Gateway  
  19  1:43  Photon Cannon  
  19  1:48  Pylon  
  18  2:03  Photon Cannon  
  18  2:08  Gateway  
  18  2:22  Probe  
  18  2:25  Cybernetics Core  
  19  2:33  Assimilator  
  19  2:34  Probe  
  20  2:38  Assimilator  
  20  2:46  Probe  
  21  2:57  Probe  
  22  3:06  Probe  
  23  3:14  Probe  
  23  3:18  Robotics Facility  
  24  3:22  Shield Battery  
  24  3:25  Probe  
  25  3:29  Stalker  
  25  3:31  Shield Battery  
  27  3:37  Warp Gate  
  27  3:41  Pylon  
  27  3:46  Probe  
  28  3:56  Shield Battery  
  28  4:03  Immortal  
  32  4:37  Observer  
  33  4:48  Shield Battery  
  33  4:58  Immortal  
  33  5:13  Robotics Facility  
  28  5:37  Immortal  
  28  5:41  Nexus  
  12  7:09  Observer  
  12  7:13  Probe  
  12  7:21  Probe  
  14  7:31  Probe  
  15  7:43  Probe  
  14  7:55  Probe  
  15  8:08  Probe  
  16  8:20  Probe  
  17  8:30  Probe  
  18  8:38  Probe  
  18  8:46  Probe  
  20  8:58  Probe  
  20  9:00  Observer  
  21  9:08  Immortal  
  21  9:10  Probe  
  22  9:23  Probe  
  27  9:35  Probe  
  28  9:47  Probe  
  29  9:57  Probe  
  30  10:04  Assimilator  
  30  10:05  Probe  
  30  10:07  Assimilator  
  30  10:13  Probe  
  28  10:25  Probe  
  29  10:35  Cybernetics Core  
  29  10:37  Probe  
  30  10:49  Probe  
  31  10:50  Pylon  
  31  11:02  Probe  
  31  11:08  Immortal, Observer  
  36  11:14  Probe  
  37  11:34  Shield Battery  
  37  11:36  Shield Battery  
  37  11:40  Shield Battery  
  36  12:04  Immortal  
  38  12:12  Pylon  
  38  12:15  Pylon  
  38  12:22  Immortal  
  38  12:25  Probe  
  39  12:36  Observer  
  43  12:38  Probe  
  45  12:50  Probe  
  46  12:55  Pylon  
  46  12:59  Immortal  
  46  13:02  Probe  
  40  13:15  Observer  
  38  13:36  Immortal  
  42  13:56  Probe  
  43  14:08  Probe  
  44  14:21  Observer  
  44  14:36  Probe  
  45  14:45  Probe  
  45  14:46  Observer  
  46  14:53  Probe  
  47  15:02  Probe  
  48  15:11  Probe  
  49  15:38  Immortal  
  53  15:56  Pylon  
  53  16:01  Pylon  
  53  16:14  Immortal  
  56  16:52  Observer  
  56  16:53  Immortal  
  53  17:05  Probe  
  46  17:17  Probe  
  47  17:29  Probe  
Show
View Real Time Build Order
Export as new Build Order

kemachi Zerg - Winner!

Build Orders: Pool First, Roach Nydus 

Get SALT Encoding   

  12  0:29  Drone x2  
  12  0:33  Spawning Pool, Drone  
  14  0:43  Overlord, Extractor  
  13  1:00  Drone  
  14  1:08  Drone  
  15  1:26  Zergling x2  
  15  1:27  Queen, Zergling x2  
  19  1:35  Zergling x2  
  20  1:42  Metabolic Boost  
  18  2:07  Roach Warren  
  17  2:11  Drone x3  
  20  2:18  Spine Crawler  
  20  2:20  Spine Crawler  
  18  2:25  Drone  
  19  2:36  Drone x3  
  22  2:41  Overlord  
  22  2:58  Drone, Extractor  
  21  2:59  Drone  
  24  3:12  Drone  
  24  3:13  Drone x2  
  24  3:14  Roach  
  24  3:17  Lair  
  28  3:24  Roach  
  30  3:49  Overlord x2  
  30  4:12  Roach x6  
  41  4:20  Nydus Network  
  40  4:36  Roach x2  
  44  4:43  Roach  
  44  4:45  Overlord x2  
  46  5:03  Nydus Canal  
  46  5:04  Roach x2  
  50  5:10  Roach  
  52  5:23  Roach x3  
  58  5:32  Roach  
  60  5:45  Roach  
  60  5:52  Roach  
  60  5:54  Overlord x2  
  56  6:07  Roach  
  58  6:12  Ravager x2  
  58  6:18  Ravager  
  58  6:19  Roach  
  58  6:20  Roach  
  53  6:38  Roach x2, Drone  
  55  6:47  Ravager  
  55  6:49  Queen, Roach  
  60  6:57  Ravager  
  60  7:00  Zergling x2  
  62  7:12  Zergling x2  
  61  7:30  Ravager  
  60  7:42  Zergling x4  
  60  7:49  Ravager  
  59  7:55  Roach  
  58  8:10  Roach  
  58  8:11  Roach  
  61  8:20  Zergling x2  
  61  8:21  Zergling x4  
  64  8:39  Spine Crawler x2  
  64  8:40  Spine Crawler  
  64  8:41  Zergling x2  
  62  8:42  Spine Crawler x2  
  58  8:52  Ravager  
  53  8:58  Ravager  
  54  9:06  Zergling x8  
  57  9:14  Overseer  
  54  9:25  Zergling x2  
  54  9:26  Queen, Zergling x6  
  60  9:44  Roach x2  
  63  9:52  Roach  
  60  9:56  Ravager  
  61  10:02  Queen  
  61  10:21  Roach x3  
  61  10:24  Hatchery  
  62  11:04  Roach x4  
  70  11:23  Roach  
  69  11:33  Overseer  
  69  11:48  Ravager  
  66  12:02  Roach x5  
  74  12:25  Drone x3  
  77  12:35  Roach x2  
  77  12:36  Roach  
  74  12:40  Drone  
  75  12:51  Zergling x2  
  65  13:15  Drone x3  
  65  13:17  Queen  
  65  13:18  Extractor  
  69  13:32  Roach x4  
  77  13:37  Ravager  
  78  13:44  Drone x2  
  81  13:55  Drone  
  81  13:56  Hydralisk Den  
  80  14:05  Roach  
  80  14:06  Roach  
  82  14:15  Drone x2  
  80  14:28  Hydralisk x2  
  84  14:48  Overlord x3  
  84  14:51  Extractor  
  83  14:56  Ravager  
  84  15:01  Overseer  
  84  15:07  Drone x3  
  81  15:22  Grooved Spines  
  71  15:29  Ravager x4  
  71  15:33  Overseer  
  71  15:45  Drone x3  
  74  15:54  Zergling x12  
  80  15:59  Zergling x2  
  80  16:25  Ravager x6  
  84  16:31  Zergling x8  
  80  16:56  Roach x3  
  73  17:27  Roach  
  73  17:28  Roach  
  53  17:41  Hydralisk  
  53  17:42  Hydralisk  
  37  18:01  Zergling x4  
  37  18:03  Ravager  
  37  18:04  Ravager  
  40  18:19  Roach  
Tags
 
Add a new tag
Caveats
  • Supply blocks, unpowered buildings, or Contaminate may cause inaccurate times.
  • Supply counts are checked every 10 seconds.